 Dungeon Crawl Stone Soup version 0.30.1-4-g462c640d31 (webtiles) character file.

Game seed: 4389868276205839924

159 lonewolfV2 the Trooper (level 5, -1/70 HPs)
             Began as a Hill Orc Fighter on Aug 24, 2023.
             Slain by a phantom (4 damage)
             ... on level 3 of the Dungeon.
             The game lasted 00:03:08 (2542 turns).

lonewolfV2 the Trooper (Hill Orc Fighter)           Turns: 2542, Time: 00:03:09

Health: -1/70      AC:  5    Str: 19    XL:     5   Next: 40%
Magic:  5/5        EV:  9    Int:  8    God:
Gold:   114        SH:  4    Dex: 10    Spells: 4/4 levels left

rFire   + . .        a - +0 war axe
rCold   . . .        c - +0 buckler
rNeg    . . .        i - +1 scale mail {rF+}
rPois   .            (no helmet)
rElec   .            (no cloak)
rCorr   .            (no gloves)
SInv    .            (no boots)
Will    .....        (no amulet) Stlth
                     (no ring)
HPRegen 0.31/turn    (no ring)
MPRegen 0.09/turn

%: no passive effects
@: berserking (expiring), flying, very quick
A: deformed body, weak 1, MP-powered wands
a: no special abilities


You were on level 3 of the Dungeon.
You visited 1 branch of the dungeon, and saw 4 of its levels.

You collected 114 gold pieces.

Inventory:

Hand Weapons
 a - a +0 war axe (weapon)
Armour
 b - a +0 scale mail
 c - a +0 buckler (worn)
 i - a +1 scale mail of fire resistance (worn)
Wands
 k - a wand of mindburst (12)
 o - a wand of iceblast (6)
Scrolls
 e - a scroll of identify {unknown}
 f - 3 scrolls of blinking
 j - a scroll of enchant weapon {unknown}
 l - a scroll of teleportation {unknown}
 m - a scroll of magic mapping {unknown}
Potions
 d - a potion of might


   Skills:
 + Level 4.9 Fighting
 + Level 4.5 Axes
 + Level 4.1 Armour
 + Level 0.1 Dodging
 + Level 4.1 Shields


You had 4 spell levels left.
You didn't know any spells.
Your spell library contained the following spells:

 Spells                   Type           Power      Damage    Failure   Level
 Lesser Beckoning         Tloc           0%         N/A       94%         2
 Gell's Gravitas          Tloc           0%         N/A       99%         3
 Teleport Other           Tloc           0%         N/A       99%         3
 Dispersal                Tloc           0%         N/A       100%        6


Dungeon Overview and Level Annotations

Branches:
Dungeon (4/15)
 Temple: D:4-7

Altars:

Shops:
D:1 !


Innate Abilities, Weirdness & Mutations

Armour fits poorly on your strangely shaped body.
You are weak. (Str -2)
You expend magic power (3 MP) to strengthen your wands.


Message History

You feel sick. The phantom misses you. The orc hits you but does no damage.
The orc hits you with a +0 dagger.
* * * LOW HITPOINT WARNING * * *
You climb upwards.
You feel very sick.
There is a stone staircase leading down here.
It was a potion of flight.
You feel very buoyant.
You fly up into the air.
You feel sick. The orc hits you but does no damage.
The orc hits you with a +0 dagger.
* * * LOW HITPOINT WARNING * * *
The phantom hits you but does no damage.
It was a potion of mutation.
You feel extremely strange.
Your body twists and deforms.
You feel weaker.
You feel your magical essence link to the dungeon's wands.
You feel sick. The orc barely misses you. The orc hits you with a +0 dagger.
* * * LOW HITPOINT WARNING * * *
The phantom hits you.
* * * LOW HITPOINT WARNING * * *
The phantom blinks!
You blink.
It was a potion of berserk rage.
A red film seems to cover your vision as you go berserk!
You feel yourself moving faster!
You feel mighty!
You feel sick. The phantom hits you.
* * * LOW HITPOINT WARNING * * *
You are too berserk!
You slash the phantom!
The phantom is moderately damaged.
You feel sick. The phantom closely misses you.
You closely miss the phantom.
The phantom is moderately damaged.
You feel sick. You block the phantom's attack.
You slash the phantom!
The phantom is severely damaged.
You slash the orc!
You kill the orc!
You feel sick.
You are no longer poisoned.
The phantom hits you.
You die...

#.# #. ###### #.# ##### #.
.>...# #.# #...# #. .....#
#.####...# #. .....#
#....#..)# #. .....#
#####'#...# #. .....#
######....>....# #. .....#
#...<.)........# #.
############....@W........#
#. ...#
#...........o........# #.
.### #..........)..########
## .# #.............# #
'### #.............# # ...#
#......######## ...#
#......# ...# #......#
########## '### ####...#
#........#


You could see a phantom and an orc.

Vanquished Creatures
  A jelly (D:4)
  Ijyb (D:3)
  Robin (D:3)
  A gnoll (D:1)
  An adder (D:2)
  3 dart slugs
  2 orcs
  7 ball pythons
  4 endoplasms
  4 giant cockroaches
  8 goblins
  8 hobgoblins
  4 jackals (D:2)
  A quokka (D:2)
  7 bats
  3 frilled lizards
  2 kobolds (D:2)
  7 rats
65 creatures vanquished.

Notes
Turn   | Place    | Note
-------+----------+-------------------------------------------
     0 | D:1      | lonewolfV2 the Hill Orc Fighter began the quest for the
                  | Orb.
     0 | D:1      | Reached XP level 1. HP: 19/19 MP: 1/1
    83 | D:1      | Found Vonoseoh's Distillery.
   136 | D:1      | Reached XP level 2. HP: 17/27 MP: 2/2
   367 | D:1      | Reached XP level 3. HP: 33/33 MP: 3/3
   877 | D:2      | Reached XP level 4. HP: 23/41 MP: 4/4
  1748 | D:3      | Noticed Ijyb
  1764 | D:3      | Killed Ijyb
  2102 | D:3      | Noticed Robin
  2116 | D:3      | Killed Robin
  2117 | D:3      | Reached XP level 5. HP: 42/47 MP: 5/5
  2519 | D:4      | Noticed a phantom
  2538 | D:3      | Gained mutation: Armour fits poorly on your strangely
                  | shaped body. [potion of mutation]
  2538 | D:3      | Gained mutation: You are weak. (Str -2) [potion of
                  | mutation]
  2538 | D:3      | Gained mutation: You expend magic power (3 MP) to
                  | strengthen your wands. [potion of mutation]
  2542 | D:3      | HP: 3/70 [poisoned by a scorpion]
  2542 | D:3      | Slain by a phantom

Illustrated notes

Levels and vault maps discovered:
D:1:      dpeg_arrival_signposts, layout_basic, serial_shops, shop,
          minmay_misc_feat_roman
D:2:      layout_loops_cross, minmay_diced_spiral
D:3:      layout_basic, uniq_robin, uniq_ijyb
D:4:      kennysheep_kobold_camp, layout_rooms, tgw_fedhas

Skill      XL: |  1  2  3  4  5 |
---------------+----------------+-----
Fighting       | 4 |  4.9
Axes           | 3 4 |  4.5
Armour         | 4 |  4.1
Shields        | 4 |  4.1
Dodging        | |  0.1

Action                     |  1- 3 |  4- 6 || total
---------------------------+-------+-------++-------
  Melee: War axe           |    73 |    90 ||   163
    Use: Scroll            |     2 |       ||     2
         Potion            |       |     3 ||     3
 Armour: Scale mail        |    38 |    75 ||   113
  Dodge: Dodged            |    35 |    73 ||   108
  Block: Buckler           |    10 |    23 ||    33
